 Dungeon Crawl Stone Soup version 0.30-a0-540-g0af01429fa (webtiles) character file.

Game seed: 13595741393375636530

210 Thepossum the Covered (level 5, -5/41 HPs)
             Began as a Demonspawn Fighter on Dec 25, 2022.
             Splashed by a jelly's acid (10 damage)
             ... on level 4 of the Dungeon.
             The game lasted 00:09:15 (2218 turns).

Thepossum the Covered (Demonspawn Fighter)          Turns: 2218, Time: 00:09:15

Health: -5/41      AC: -10   Str: 18    XL:     5   Next: 57%
Magic:  5/5        EV:  7    Int:  9    God:
Gold:   203        SH:  4    Dex: 13    Spells: 4/4 levels left

rFire   . . .      SeeInvis .    h - +2 short sword (speed)
rCold   . . .      Faith    .    c - +0 buckler
rNeg    . . .      Spirit   .    k - +0 chain mail
rPois   .          Reflect  .    (no helmet)
rElec   .          Harm     .    (no cloak)
rCorr   .          Rampage  .    (no gloves)
Will    .....                    (no boots) Stlth
                                 (no amulet)
HPRegen 0.26/turn                q - +4 ring of protection
MPRegen 0.09/turn                (no ring)

@: corroded
A: powered by death 1
a: no special abilities


You were on level 4 of the Dungeon.
You visited 1 branch of the dungeon, and saw 4 of its levels.

You collected 203 gold pieces.

Inventory:

Hand Weapons
 a - a +0 long sword
 h - a +2 short sword of speed (weapon)
Armour
 c - a +0 buckler (worn)
 k - a +0 chain mail (worn)
Jewellery
 q - a +4 ring of protection (left hand)
Scrolls
 b - a scroll of amnesia {unknown}
 e - 4 scrolls of identify {unknown}
 i - 2 scrolls of teleportation {unknown}
 l - a scroll of magic mapping {unknown}
 m - a scroll of enchant weapon {unknown}
 n - 2 scrolls of immolation {unknown}
 o - a scroll of acquirement {unknown}
 s - a scroll of torment {unknown}
 u - a scroll of fog {unknown}
 v - 3 scrolls of noise {unknown}
 y - a scroll of blinking {unknown}
Potions
 d - a potion of might
 f - a potion of ambrosia {unknown}
 g - a potion of brilliance {unknown}
 j - a potion of degeneration {unknown}
 p - 3 potions of curing {unknown}
 r - a potion of heal wounds {unknown}
 t - 2 potions of mutation {unknown}
 w - a potion of lignification {unknown}
 x - a potion of haste {unknown}


   Skills:
 + Level 3.5 Fighting
 + Level 2.7(3.2) Short Blades
 + Level 2.3(3.0) Long Blades
 + Level 3.6 Armour
 + Level 0.6 Dodging
 + Level 0.5 Stealth
 + Level 3.2 Shields


You had 4 spell levels left.
You didn't know any spells.
Your spell library contained the following spells:

 Spells                   Type           Power      Damage    Failure   Level
 Cigotuvi's Dreadful Rot  Necr/Pois/Air  0%         N/A       100%        2
 Poisonous Vapours        Pois/Air       0%         N/A       100%        2
 Mephitic Cloud           Conj/Pois/Air  0%         N/A       100%        3


Dungeon Overview and Level Annotations

Branches:
Dungeon (4/15)
 Temple: D:4-7

Altars:
Gozag
Uskayaw

Shops:
D:3 *


Innate Abilities, Weirdness & Mutations

You regenerate a little health from kills.


Message History

The kobold hits you but does no damage.
You hit the kobold.
You kill the kobold!
You see here a +0 whip.
A jelly comes into view.
The jelly quivers.
The jelly hits you but does no damage.
There is a stone staircase leading down here.
You hit the jelly. The acid corrodes you!
Your hands burn!
The jelly is lightly wounded.
The jelly barely misses you.
You hit the jelly.
Your hands burn!
The jelly is moderately wounded.
You hit the jelly but do no damage.
Your hands burn!
The jelly is moderately wounded.
The jelly hits you but does no damage.
You hit the jelly. The acid corrodes you!
Your hands burn!
The jelly is severely wounded.
The jelly hits you but does no damage.
You hit the jelly but do no damage.
Your hands burn!
The jelly is severely wounded.
You hit the jelly but do no damage. The acid corrodes you!
Your hands burn!
The jelly is severely wounded.
You block the jelly's attack.
You hit the jelly but do no damage. The acid corrodes you!
Your hands burn!
The jelly is severely wounded.
The jelly hits you.
You are splashed with acid.
You hit the jelly but do no damage.
Your hands burn!
The jelly is severely wounded.
You hit the jelly but do no damage. The acid corrodes you!
Your hands burn!
* * * LOW HITPOINT WARNING * * *
The jelly is severely wounded.
The jelly misses you.
You hit the jelly but do no damage.
Your hands burn!
* * * LOW HITPOINT WARNING * * *
The jelly is severely wounded.
The jelly hits you.
* * * LOW HITPOINT WARNING * * *
The acid corrodes you!
You are splashed with acid!
You die...

#....#
#....##....#
#.....#....#
#.....+....#
#.....#....+
#†..# ....#
#<..###....##.
#))...........
#.....@J...#
#..........#
#...........#
#...###....##
#...# ....#
#.... ....#
#.... ....#
#... .....


You could see a jelly.

Vanquished Creatures
  A scorpion (D:4)
  2 hounds (D:3)
  A gnoll (D:3)
  2 adders (D:2)
  A dart slug (D:1)
  4 orcs (D:3)
  10 endoplasms
  2 giant cockroaches
  2 goblins (D:3)
  6 hobgoblins
  2 jackals (D:2)
  4 kobolds
  2 quokkas (D:2)
  2 ball pythons
  5 bats
  12 frilled lizards
  3 rats
61 creatures vanquished.

Vanquished Creatures (others)
  7 plants (D:2)
7 creatures vanquished.

Grand Total: 68 creatures vanquished

Notes
Turn   | Place    | Note
-------+----------+-------------------------------------------
     0 | D:1      | Thepossum the Demonspawn Fighter began the quest for the
                  | Orb.
     0 | D:1      | Reached XP level 1. HP: 18/18 MP: 1/1
   301 | D:1      | Gained mutation: You regenerate a little health from kills.
                  | [demonic ancestry]
   301 | D:1      | Reached XP level 2. HP: 23/24 MP: 2/2
  1047 | D:2      | Reached XP level 3. HP: 25/29 MP: 3/3
  1135 | D:2      | Identified the +1 spear "Qayvuh" {spect, Str+4}
  1457 | D:2      | Reached skill level 1 in Short Blades
  1552 | D:3      | Found a hide-covered altar of Uskayaw.
  1639 | D:3      | Found an opulent altar of Gozag.
  1642 | D:3      | Found Gozag's Platinum Reserve.
  1658 | D:3      | Reached XP level 4. HP: 35/35 MP: 4/4
  1980 | D:3      | Reached XP level 5. HP: 41/41 MP: 5/5
  2218 | D:4      | Splashed by a jelly's acid

Illustrated notes

Levels and vault maps discovered:
D:1:      evilmike_arrival_rings, layout_loops_corners, minmay_pentomino_o2
D:2:      layout_basic, minmay_lizard_king
D:3:      layout_basic, mainiacjoe_overflow_concentric_impassable,
          nicolae_gozag_zags_fifth_avenue,
          nicolae_concentric_dashed_squares_mild, cheibrodos_gnoll_hut
D:4:      layout_gridville, mainiacjoe_overflow_cross_hatched,
          mainiacjoe_overflow_six_doors_small, minmay_temple_entry_wispy,
          cheibrodos_sewer_entry_sluice, minmay_misc_feat_nine_boxes,
          minmay_small_thing

Skill      XL: |  1  2  3  4 |
---------------+-------------+-----
Armour         | 3 |  3.6
Long Blades    | 2 |  2.3
Shields        | 3 |  3.2
Short Blades   | 1 2 |  2.7
Fighting       | |  3.5
Dodging        | |  0.6
Stealth        | |  0.5

Action                   |  1- 3 |  4- 6 || total
-------------------------+-------+-------++-------
Melee: Short sword       |   145 |    97 ||   242
       Long sword        |    15 |       ||    15
Armor: Scale mail        |    18 |       ||    18
       Chain mail        |    39 |    41 ||    80
Dodge: Dodged            |    35 |    16 ||    51
Block: Buckler           |    19 |    15 ||    34

Table legend: (Time is in decaauts)
 A = Elapsed time spent in this place.
 B = Non-inter-level travel time spent in this place.
 C = Inter-level travel time spent in this place.
 D = Time resting spent in this place.
 E = Time spent auto-exploring this place.
 F = Levels seen in this place.
 G = Mean time per level.
                   A        B        C        D        E       F      G
               +--------+--------+--------+--------+--------+-----+--------+
         Total |   2137 |   2059 |     78 |      6 |   1626 |   4 |  534.2 |
       Dungeon |   2137 |   2059 |     78 |      6 |   1626 |   4 |  534.2 |
               +--------+--------+--------+--------+--------+-----+--------+

Top non-repeatable levels by time:
     D:1: 1017 daAuts
     D:3: 600 daAuts
     D:2: 495 daAuts
     D:4: 23 daAuts
